Map: Nightshade LE

Players

Kelazhur

  • Race: Terran Terran
  • Spawn Location: 5:00

soO - Winner!

  • Race: Zerg Zerg
  • Spawn Location: 11:00

Event: StayAtHomestory Cup #1

VOD

Have the link to the VOD?

Description

Time

  • Played on: April 10, 2020, 5:43 a.m.
  • Length: 19:12

All games in this series

Show
View Real Time Build Order
Export as new Build Order

Kelazhur Terran 

Build Orders: Mech 

Get SALT Encoding   

  12  0:01  SCV  
  13  0:13  SCV  
  14  0:19  Supply Depot  
  14  0:25  SCV  
  15  0:41  SCV, Barracks  
  16  0:43  Refinery  
  16  0:53  SCV  
  17  0:59  Barracks  
  17  1:05  SCV  
  18  1:17  SCV  
  19  1:28  Reaper  
  19  1:29  Orbital Command  
  19  1:32  Supply Depot  
  20  1:46  Reaper  
  21  1:55  SCV  
  22  2:03  Reaper  
  22  2:07  SCV  
  24  2:11  Command Center  
  24  2:15  Refinery  
  24  2:19  SCV  
  24  2:21  Reaper  
  26  2:33  SCV  
  27  2:41  Supply Depot  
  27  2:44  Reaper  
  27  2:46  SCV  
  29  2:58  SCV  
  30  3:08  Reaper  
  30  3:09  Factory  
  30  3:10  SCV  
  32  3:20  Command Center  
  32  3:27  Orbital Command  
  32  3:28  SCV  
  32  3:30  Reaper  
  34  3:40  SCV, Reaper  
  36  3:52  SCV  
  36  3:54  Starport, Factory Tech Lab  
  38  3:55  SCV  
  38  4:05  SCV  
  38  4:06  Marine  
  38  4:07  SCV  
  41  4:11  Supply Depot  
  41  4:15  Marine  
  41  4:16  Refinery  
  41  4:17  SCV, Refinery  
  43  4:19  SCV  
  43  4:22  Factory Reactor  
  44  4:29  SCV  
  45  4:32  SCV  
  45  4:35  Orbital Command  
  46  4:41  SCV, Cloaking Field, Banshee  
  46  4:44  SCV  
  51  4:53  SCV  
  51  4:56  SCV  
  57  5:00  Hellion x2  
  57  5:05  SCV, Factory  
  57  5:06  SCV  
  59  5:07  Factory  
  59  5:08  SCV  
  59  5:14  Armory  
  60  5:16  Orbital Command  
  60  5:17  SCV  
  60  5:20  SCV  
  62  5:22  Hellion x2  
  62  5:26  Banshee  
  69  5:29  SCV  
  69  5:33  SCV  
  71  5:41  SCV, Supply Depot  
  71  5:42  Supply Depot  
  72  5:44  Hellion x2  
  72  5:45  SCV  
  72  5:47  Engineering Bay  
  77  6:00  Refinery  
  77  6:01  Terran Vehicle Weapons Level 1  
  77  6:02  Refinery  
  77  6:03  SCV x3, Supply Depot  
  80  6:05  Supply Depot  
  80  6:12  Hellion x2, Factory Tech Lab x2  
  80  6:15  SCV x3  
  87  6:19  Banshee  
  90  6:27  SCV x2  
  90  6:30  SCV  
  93  6:38  Command Center  
  93  6:39  SCV  
  91  6:40  SCV  
  91  6:45  Supply Depot  
  91  6:46  Supply Depot  
  94  6:52  Thor  
  98  6:58  Thor  
  98  7:00  SCV  
  105  7:02  SCV x2  
  107  7:13  SCV  
  107  7:14  SCV, Supply Depot  
  109  7:19  Starport Reactor, Hellion  
  109  7:20  Hellion  
  111  7:23  SCV, Factory  
  111  7:25  SCV  
  111  7:26  SCV  
  113  7:34  Factory  
  113  7:35  SCV  
  117  7:37  Siege Tank  
  117  7:41  SCV x2, Siege Tank  
  122  7:47  Hellion x2  
  122  7:50  Armory  
  126  7:53  Supply Depot  
  126  7:54  SCV x2  
  126  7:55  SCV  
  126  7:58  Medivac x2  
  129  8:02  Supply Depot  
  129  8:06  SCV x2  
  129  8:07  Siege Tank  
  129  8:10  Missile Turret  
  134  8:13  Siege Tank x2  
  134  8:17  SCV, Hellion x2, Refinery  
  145  8:20  Terran Vehicle Weapons Level 2  
  145  8:23  Refinery  
  145  8:24  Supply Depot  
  145  8:26  Factory Reactor  
  145  8:33  Smart Servos, Infernal Pre-Igniter  
  145  8:39  Hellion x2  
  149  8:44  Siege Tank  
  149  8:45  SCV  
  145  8:49  Siege Tank x2  
  150  9:01  Liberator x2  
  156  9:03  Factory x2  
  156  9:04  Factory  
  156  9:05  SCV x3  
  159  9:12  Planetary Fortress  
  159  9:17  SCV x2  
  159  9:18  SCV  
  159  9:20  Hellion  
  159  9:21  Hellion x3  
  170  9:29  SCV  
  170  9:30  SCV, Supply Depot  
  170  9:31  Supply Depot x2  
  172  9:32  Supply Depot  
  172  9:36  Sensor Tower  
  172  9:38  Sensor Tower  
  170  9:51  Siege Tank x3  
  179  9:57  Hellion x4  
  175  10:23  Hellion x4  
  175  10:24  Factory Reactor, Factory Tech Lab x2  
  175  10:26  Siege Tank x3  
  175  10:28  Starport x3  
  192  10:30  Terran Vehicle And Ship Armor Level 1  
  190  10:43  Siege Tank x2  
  192  10:53  Hellion x2  
  192  10:54  Hellion x2  
  200  10:58  Siege Tank x2  
  200  11:00  Thor  
  200  11:06  Command Center  
  200  11:11  Command Center  
  200  11:28  Terran Vehicle Weapons Level 3  
  194  11:45  Siege Tank x3  
  194  11:46  Siege Tank  
  195  11:47  Liberator  
  195  11:50  Hellion  
  194  12:09  Hellion  
  194  12:10  Hellion x2  
  200  12:16  Starport Tech Lab x3  
  200  12:19  Fusion Core  
  200  12:24  Terran Ship Weapons Level 1  
  200  12:36  Thor  
  198  12:39  Viking x2  
  198  12:40  Viking x2  
  198  12:42  Viking  
  194  13:01  Thor  
  197  13:08  Thor  
  197  13:09  Viking x2  
  197  13:12  Viking x2  
  194  13:14  Supply Depot  
  184  13:22  Thor  
  184  13:25  Hellion x4  
  184  13:27  Hellion x3  
  187  13:33  Thor  
  172  13:38  Command Center  
  172  13:41  Command Center  
  147  13:45  Hellion  
  147  13:46  Hellion  
  147  13:47  Hellion x2  
  147  13:48  Hellion  
  148  13:50  Siege Tank  
  148  13:52  Siege Tank  
  152  14:08  Advanced Ballistics  
  152  14:10  Liberator  
  152  14:14  Siege Tank  
  152  14:28  Siege Tank  
  152  14:30  Hellion x2, Siege Tank  
  152  14:31  Hellion x4  
  160  14:42  Hellion x2  
  164  14:59  Orbital Command  
  164  15:10  Liberator x3  
  155  15:18  Liberator  
  144  15:22  Hellion  
  144  15:25  Barracks  
  144  15:26  Refinery  
  144  15:27  Refinery  
  146  15:43  Hellion x3  
  146  15:44  SCV x4  
  150  15:52  Sensor Tower  
  150  15:57  Planetary Fortress  
  150  16:00  SCV x2  
  150  16:03  SCV x2  
  154  16:07  Refinery  
  154  16:08  Hellion x3, Refinery  
  158  16:23  Hellion x2  
  158  16:24  Hellion, Siege Tank x3  
  171  16:26  Siege Tank  
  172  16:36  Hellion, Missile Turret  
  172  16:37  Hellion  
  172  16:38  Sensor Tower  
  159  16:58  Siege Tank  
  159  16:59  Hellion x2, Siege Tank x2  
  159  17:00  Hellion x2, Thor  
  174  17:01  Viking  
  174  17:06  Orbital Command  
  149  17:30  Raven x2  
  149  17:32  Hellion  
  124  17:59  SCV, Missile Turret  
  124  18:00  SCV x2, Missile Turret x2  
  124  18:01  Missile Turret  
  127  18:10  Hellion x3  
  127  18:11  Hellion x2, Siege Tank x3  
  127  18:12  SCV  
  147  18:19  SCV  
  148  18:24  SCV  
  149  18:31  SCV  
  139  18:50  Hellion x3  
Show
View Real Time Build Order
Export as new Build Order

soO Zerg - Winner!

Build Orders: Hatch First, Roach Hydra 

Get SALT Encoding   

  12  0:00  Drone  
  13  0:12  Overlord  
  13  0:17  Drone  
  14  0:30  Drone  
  14  0:31  Drone  
  16  0:47  Hatchery  
  15  0:51  Drone  
  15  0:55  Drone  
  17  0:58  Drone  
  18  1:09  Extractor  
  17  1:13  Spawning Pool  
  17  1:16  Drone  
  17  1:19  Drone  
  18  1:28  Drone  
  19  1:38  Drone  
  20  1:49  Overlord  
  20  1:59  Queen  
  20  2:00  Zergling x4, Queen  
  26  2:14  Drone x2  
  28  2:20  Metabolic Boost  
  28  2:32  Hatchery  
  28  2:33  Drone  
  28  2:38  Queen  
  30  2:46  Drone  
  30  2:49  Queen  
  33  2:54  Overlord  
  33  2:59  Zergling x4  
  35  3:09  Zergling x2  
  36  3:13  Zergling x10  
  38  3:29  Queen  
  38  3:32  Drone  
  38  3:33  Overlord, Drone x3  
  44  3:45  Drone x3  
  47  3:48  Queen  
  47  3:51  Overlord  
  47  3:53  Drone  
  50  4:01  Drone x2  
  51  4:04  Drone x3  
  51  4:09  Queen  
  56  4:10  Drone  
  56  4:13  Drone  
  56  4:16  Drone x2  
  60  4:18  Drone  
  60  4:23  Drone  
  60  4:24  Drone  
  63  4:26  Queen  
  65  4:34  Overlord  
  65  4:35  Drone  
  66  4:41  Overlord  
  66  4:43  Overlord  
  66  4:48  Lair  
  66  4:50  Overlord  
  66  4:55  Drone x5  
  66  4:56  Roach Warren  
  66  4:57  Drone x2  
  66  4:59  Drone  
  73  5:01  Drone x2  
  73  5:04  Drone x2  
  77  5:08  Drone  
  77  5:14  Spore Crawler, Drone  
  77  5:15  Extractor  
  77  5:16  Spore Crawler, Extractor x2  
  77  5:17  Spore Crawler, Extractor  
  72  5:22  Drone x5  
  72  5:27  Drone x3  
  80  5:28  Evolution Chamber  
  80  5:30  Evolution Chamber  
  80  5:35  Drone x3  
  81  5:41  Drone x3  
  81  5:42  Extractor  
  83  5:43  Drone x3  
  83  5:48  Overseer, Glial Reconstitution  
  86  5:50  Overseer  
  86  5:56  Drone  
  87  6:01  Zerg Missile Weapons Level 1, Zerg Ground Armor Level 1  
  87  6:03  Drone  
  88  6:05  Roach  
  88  6:06  Overlord  
  90  6:11  Overlord  
  90  6:12  Overlord  
  90  6:14  Overlord  
  90  6:16  Overlord  
  90  6:21  Overlord  
  90  6:27  Roach x4  
  95  6:33  Drone x2  
  95  6:34  Drone  
  98  6:40  Roach x8  
  98  6:44  Drone x2  
  116  6:56  Drone  
  116  6:58  Drone  
  116  7:00  Hatchery  
  117  7:04  Infestation Pit  
  117  7:07  Drone x2  
  118  7:11  Hydralisk Den  
  117  7:21  Drone x2  
  119  7:23  Roach x8  
  119  7:24  Overlord  
  135  7:30  Drone  
  136  7:40  Roach  
  136  7:41  Overlord  
  136  7:43  Extractor  
  137  7:45  Overlord  
  137  7:47  Spore Crawler, Drone x3  
  137  7:49  Overlord  
  137  7:50  Extractor  
  138  7:54  Hive  
  138  7:55  Grooved Spines  
  138  7:59  Overlord, Zerg Missile Weapons Level 2  
  138  8:00  Zerg Ground Armor Level 2  
  138  8:01  Drone x5  
  138  8:02  Drone x3  
  146  8:06  Drone x3  
  149  8:21  Drone  
  150  8:34  Hatchery, Hydralisk x13  
  169  8:44  Overlord  
  165  8:55  Hatchery  
  165  9:02  Drone x2, Spire  
  166  9:06  Viper x3  
  175  9:17  Muscular Augments  
  175  9:21  Overlord  
  175  9:25  Overlord  
  175  9:33  Spine Crawler  
  175  9:36  Spine Crawler  
  173  9:39  Overseer  
  173  9:42  Hydralisk x4  
  173  9:43  Hydralisk  
  183  10:02  Extractor  
  183  10:07  Extractor  
  181  10:10  Drone x4  
  183  10:16  Spore Crawler  
  183  10:17  Drone x2  
  183  10:18  Spine Crawler, Drone x4  
  183  10:19  Greater Spire  
  187  10:23  Roach  
  187  10:24  Roach x5  
  187  10:28  Lurker Den  
  191  10:45  Zerg Ground Armor Level 3, Zerg Missile Weapons Level 3  
  185  10:51  Corruptor x8  
  185  10:54  Overlord  
  193  10:59  Overlord  
  193  11:00  Overlord  
  189  11:05  Overlord  
  189  11:06  Overlord  
  189  11:13  Overlord  
  189  11:22  Drone x2  
  189  11:23  Drone x4  
  195  11:26  Hatchery  
  195  11:28  Hatchery  
  193  11:43  Brood Lord x6  
  193  11:45  Brood Lord x2  
  199  11:51  Zerg Flyer Weapons Level 1  
  199  12:00  Drone  
  172  12:12  Hydralisk x14  
  195  12:40  Extractor  
  192  12:48  Hydralisk x4  
  190  13:17  Hydralisk  
  190  13:18  Hydralisk x10  
  178  13:35  Hydralisk  
  178  13:36  Hydralisk x12  
  196  13:51  Drone x4  
  192  14:00  Drone x3  
  192  14:01  Drone  
  196  14:03  Spine Crawler  
  196  14:04  Spine Crawler  
  194  14:16  Drone x2  
  194  14:17  Drone x3  
  194  14:18  Seismic Spines  
  194  14:19  Spine Crawler x2, Drone x2  
  194  14:20  Drone  
  194  14:25  Drone  
  194  14:26  Drone x3  
  198  14:35  Drone x2  
  198  14:38  Spine Crawler, Extractor  
  199  14:39  Extractor  
  199  14:45  Drone x2  
  193  15:00  Drone x5  
  193  15:01  Drone  
  183  15:15  Adaptive Talons  
  183  15:19  Viper x3  
  184  15:26  Viper  
  184  15:28  Lurker x5  
  189  15:29  Lurker  
  189  15:37  Hydralisk, Lurker x5  
  189  15:38  Hydralisk, Lurker  
  195  15:46  Drone x2  
  197  15:56  Drone x3  
  200  16:08  Zerg Flyer Weapons Level 2  
  187  16:58  Hatchery  
  145  17:10  Hydralisk x16  
  142  17:16  Hydralisk x6  
  142  17:17  Hydralisk x8  
  166  17:23  Viper x3  
  166  17:29  Hydralisk x3  
  172  17:30  Hydralisk x10  
  172  17:33  Hydralisk  
  200  17:44  Drone x6  
  191  17:50  Drone x2  
  191  17:51  Drone x2  
  188  18:00  Drone x6  
  194  18:10  Lurker x2  
  196  18:13  Spine Crawler x2, Extractor  
  193  18:26  Drone x2  
  195  18:29  Spine Crawler  
  195  18:30  Lurker x6  
  195  18:31  Spine Crawler  
  199  18:37  Hatchery  
Tags
 
Add a new tag
Caveats
  • Supply blocks, unpowered buildings, or Contaminate may cause inaccurate times.
  • Supply counts are checked every 10 seconds.